 Dungeon Crawl Stone Soup version 0.28.0-53-g5a82cb258f (webtiles) character file.

Game seed: 10403118867219793432

2759 issech the Cleaver (level 9, 0/71 HPs)
             Began as a Minotaur Monk on May 25, 2022.
             Was a Believer of Hepliaklqana.
             Slain by a wolf (4 damage)
             ... in a bailey.
             The game lasted 00:26:41 (8209 turns).

issech the Cleaver (Minotaur Monk)                  Turns: 8209, Time: 00:26:41

Health: 0/71       AC: 11    Str: 17    XL:     9   Next: 41%
Magic:  0/8        EV:  7    Int:  7    God:    Hepliaklqana [**....]
Gold:   418        SH:  0    Dex: 16    Spells: 8/8 levels left

rFire   x . .      SeeInvis .   A - +2 war axe (vorpal)
rCold   . . .      Faith    .   j - +0 buckler
rNeg    + . .      Spirit   +   t - +1 ring mail "Qevohaytae" {rElec rPois rF-}
rPois   +          Reflect  .   s - +0 hat
rElec   +          Harm     .   a - +1 cloak
rCorr   .          Rampage  .   (no gloves)
Will    .....                   H - +0 pair of boots
Stlth   ++........              h - amulet of guardian spirit
HPRegen 0.21/turn               r - ring of positive energy
MPRegen 0.11/turn               (no ring)

@: held
A: reduced essence, horns 2, retaliatory headbutt
a: Renounce Religion, Recall Ancestor, Ancestor Identity


You were in a bailey.
You worshipped Hepliaklqana.
Hepliaklqana was pleased with you.
You visited 2 branches of the dungeon, and saw 8 of its levels.
You also visited: Sewer and Bailey.

You collected 429 gold pieces.
You spent 11 gold pieces at shops.

Inventory:

Hand Weapons
 e - a +0 hunting sling
 q - a +2 hand axe of electrocution
 z - a +0 vorpal flail
 A - a +2 vorpal war axe (weapon)
 D - a +0 halberd
 F - a +0 great sword
 K - a +2 antimagic spear
 L - a +0 shortbow
 Q - a +2 dagger of draining
 T - a +0 halberd of flaming
 V - a +0 glaive
Missiles
 c - 139 arrows
 f - 178 stones
 n - 36 sling bullets
 I - 2 poisoned darts
 O - a boomerang (quivered)
 U - 2 throwing nets
Armour
 a - a +1 cloak (worn)
 g - a +0 ring mail
 j - a +0 buckler (worn)
 s - a +0 hat (worn)
 t - the +1 ring mail "Qevohaytae" (worn) {rElec rPois rF-}
   (You found it on level 3 of the Dungeon)

   rF:        It makes you vulnerable to fire.
   rElec:     It insulates you from electricity.
   rPois:     It protects you from poison.
 H - a +0 pair of boots (worn)
 J - a +0 troll leather armour
 N - a +2 ring mail of fire resistance
 W - a +0 plate armour
Jewellery
 h - an amulet of guardian spirit (around neck)
 r - a ring of positive energy (left hand)
Wands
 P - a wand of polymorph (22)
Scrolls
 l - 2 scrolls of identify
 o - 6 scrolls of teleportation
 u - 2 scrolls of amnesia
 w - 2 scrolls of brand weapon
 x - a scroll of fear
 y - a scroll of immolation
 C - a scroll of fog
 G - a scroll of silence
Potions
 b - 2 potions of flight {unknown}
 d - 2 potions of brilliance {unknown}
 i - a potion of resistance {unknown}
 k - 2 potions of heal wounds {unknown}
 m - 5 potions of haste {unknown}
 p - 5 potions of curing {unknown}
 v - a potion of ambrosia {unknown}
 B - a potion of mutation {unknown}
 E - 2 potions of degeneration
 M - a potion of might {unknown}
 R - a potion of lignification {unknown}
 S - a potion of berserk rage {unknown}


   Skills:
 + Level 7.0 Fighting
 + Level 9.9 Axes
 + Level 0.8 Throwing
 + Level 7.4 Armour
 + Level 5.6 Dodging
 + Level 3.4 Stealth
 + Level 4.0 Shields


You had 8 spell levels left.
You didn't know any spells.
Your spell library contained the following spells:

 Spells                   Type           Power      Damage    Failure   Level
 Beastly Appendage        Tmut           0%         N/A       71%         1
 Slow                     Hex            0%         N/A       71%         1
 Wereblood                Tmut           0%         N/A       83%         2
 Confusing Touch          Hex            0%         N/A       97%         3
 Ozocubu's Armour         Ice            0%         N/A       97%         3
 Portal Projectile        Hex/Tloc       0%         N/A       97%         3
 Spider Form              Tmut/Pois      0%         N/A       97%         3
 Tukima's Dance           Hex            0%         N/A       97%         3
 Vampiric Draining        Necr           0%         2d6       97%         3
 Animate Dead             Necr           0%         N/A       100%        4
 Passage of Golubria      Tloc           0%         N/A       100%        4
 Blade Hands              Tmut           0%         N/A       100%        5
 Excruciating Wounds      Necr           0%         N/A       100%        5
 Metabolic Englaciation   Hex/Ice        0%         N/A       100%        5
 Yara's Violent Unravell  Hex/Tmut       0%         3d3       100%        5
 Simulacrum               Ice/Necr       0%         N/A       100%        6
 Haunt                    Necr/Summ      0%         N/A       100%        7
 Infestation              Necr           0%         N/A       100%        8


Dungeon Overview and Level Annotations

Branches:
Dungeon (7/15)             Temple (1/1) D:7           Sewer (visited)
 Bailey (1/1)

Altars:
Ashenzari
Cheibriados
Dithmenos
Elyvilon
Fedhas
Gozag
Hepliaklqana
Kikubaaqudgha
Nemelex Xobeh
Okawaru
Ru
Sif Muna
Trog
Vehumet
Wu Jian
Xom
Zin

Shops:
D:5 ?((**


Innate Abilities, Weirdness & Mutations

Your life essence is reduced to manifest your ancestor. (-10% HP)
You have a pair of horns on your head.
You reflexively headbutt those who attack you in melee.


Message History

You headbutt the gnoll, but do no damage.
The gnoll is severely wounded.
You block the gnoll sergeant's attack. The gnoll shaman misses you.
You block the gnoll's attack.
The gnoll throws a throwing net.
The throwing net hits you.
You become entangled in the net!
Unknown command.
You struggle against the net.
A wolf comes into view.
The gnoll sergeant hits you from afar with a +0 glaive.
A gnoll sergeant comes into view. It is wielding a +0 halberd.
The gnoll shaman closely misses you. The gnoll barely misses you.
The gnoll hits you from afar with a +0 halberd.
You struggle against the net.
A wolf comes into view.
Gaius hits the gnoll sergeant with a +0 quarterstaff!!
The wolf bites you!
The gnoll sergeant hits you from afar with a +0 glaive.
The gnoll shaman hits you from afar with a +0 halberd!
A wolf comes into view.
The gnoll hits you from afar with a +0 halberd.
The gnoll hits you with a +0 halberd!
You struggle against the net.
The wolf barely misses you. You furiously retaliate!
You headbutt the wolf.
Gaius barely misses the gnoll sergeant.
The wolf barely misses you.
The gnoll sergeant hits you but does no damage.
The gnoll shaman hits you but does no damage.
The gnoll hits you with a +0 halberd. The gnoll hits you but does no damage.
You struggle against the net.
The wolf bites you.
* * * LOW HITPOINT WARNING * * *
Gaius barely misses the gnoll sergeant.
A gnoll sergeant comes into view. It is wielding a +0 halberd.
The gnoll sergeant barely misses you. The wolf bites you but does no damage.
The gnoll shaman hits you from afar with a +0 halberd!
* * * LOW HITPOINT WARNING * * *
The gnoll hits you but does no damage. The gnoll barely misses you.
The wolf closely misses Gaius.
You struggle against the net.
The wolf bites you.
* * * LOW HITPOINT WARNING * * *
The wolf bites you.
You die...

♣♣♣♣♣♣♣♣♣♣♣ ≈≈≈≈≈≈≈≈≈≈≈
≈...# ####### ..###
.....8.## ..#
...ghg.g## ..#
g...hRh..# ♣ ..#
#####.gh@.# ≈♣ ..#
##...##gg..# .≈♣
..######.....###'##..≈♣
..'...#)).....#.)....≈♣
..'...').†8...'......≈♣
..'...#.......#......≈♣
..######.....###+##..≈♣
..# ##...## ..≈♣ ..#
##### .≈♣


You could see the friendly Gaius the battlemage, 3 gnoll sergeants, 4 wolves, a
gnoll shaman and 3 gnolls.

Vanquished Creatures
  A troll (D:4)
  A shadow (D:5)
  2 black bears
  2 sky beasts
  A necrophage (D:7)
  A hornet zombie (D:7)
  2 ogres (D:5)
  A centaur (D:6)
  2 phantoms
  A bullfrog (D:7)
  2 gnoll sergeants (Bailey)
  3 scorpions
  A howler monkey (D:4)
  A centaur zombie (D:5)
  A bullfrog zombie (D:6)
  2 orc priests
  2 hounds
  3 jellies
  5 iguanas
  4 orc wizards
  A howler monkey zombie (D:7)
  8 gnolls
  10 adders
  5 river rats (Sewer)
  A shadow imp (D:6)
  2 ufetubi (D:5)
  A worm (D:2)
  2 dart slugs (D:2)
  8 orcs
  8 endoplasms
  9 giant cockroaches
  9 goblins
  14 hobgoblins
  5 jackals
  5 quokkas
  11 ball pythons
  5 bats
  2 frilled lizards (Sewer)
  6 kobolds
  12 rats
  6 bushes (D:4)
168 creatures vanquished.

Vanquished Creatures (collateral kills)
  An ice beast (D:7)
  2 hounds (Bailey)
  A bullfrog skeleton (D:7)
  An iguana (D:7)
  2 gnolls (Bailey)
7 creatures vanquished.

Vanquished Creatures (others)
  17 plants (D:4)
17 creatures vanquished.

Grand Total: 192 creatures vanquished

Notes
Turn   | Place    | Note
-------+----------+-------------------------------------------
     0 | D:1      | issech the Minotaur Monk began the quest for the Orb.
     0 | D:1      | Reached XP level 1. HP: 19/19 MP: 0/0
   128 | D:1      | Reached XP level 2. HP: 21/27 MP: 1/1
   231 | D:1      | Reached skill level 4 in Axes
   610 | D:1      | Reached XP level 3. HP: 31/33 MP: 2/2
  1025 | D:2      | Reached skill level 1 in Armour
  1299 | D:2      | Found a faded altar of an unknown god.
  1346 | D:2      | Reached XP level 4. HP: 37/40 MP: 3/3
  2089 | D:3      | Reached skill level 5 in Axes
  2089 | D:3      | Reached XP level 5. HP: 33/47 MP: 2/4
  2103 | D:3      | Identified the +1 ring mail "Qevohaytae" {rElec rPois rF-}
  2618 | D:3      | Found a glowing drain.
  2641 | Sewer    | Entered a sewer
  3151 | D:4      | Reached XP level 6. HP: 49/55 MP: 5/5
  3254 | D:4      | Found a broken altar of Ashenzari.
  3448 | D:4      | Reached skill level 1 in Shields
  3630 | D:4      | Reached skill level 5 in Fighting
  3877 | D:4      | Found an opulent altar of Gozag.
  4570 | D:5      | Entered Level 5 of the Dungeon
  4595 | D:5      | Reached skill level 6 in Axes
  4679 | D:5      | Found Doxtiek's Weapon Boutique.
  4708 | D:5      | Reached XP level 7. HP: 33/61 MP: 4/6
  4717 | D:5      | Found Qusiog's General Store.
  4949 | D:5      | Bought a potion of degeneration for 11 gold pieces
  5051 | D:5      | Found Lerout's General Store.
  5076 | D:5      | Found Kuqui's Antique Weapon Shoppe.
  5205 | D:5      | Found Emonlax's Magic Scroll Boutique.
  5535 | D:5      | Reached skill level 5 in Armour
  5609 | D:5      | Noticed a shadow
  5609 | D:5      | Noticed a troll
  5627 | D:5      | HP: 2/62 [troll (2)]
  6504 | D:4      | Killed a troll
  6505 | D:4      | Reached skill level 7 in Axes
  6505 | D:4      | Reached XP level 8. HP: 29/70 MP: 2/7
  6747 | D:5      | Reached skill level 5 in Dodging
  7104 | D:6      | Reached skill level 8 in Axes
  7576 | D:7      | Reached XP level 9. HP: 78/78 MP: 8/8
  7586 | D:7      | Reached skill level 9 in Axes
  7660 | D:7      | Found a staircase to the Ecumenical Temple.
  7671 | Temple   | Entered the Ecumenical Temple
  7723 | Temple   | Became a worshipper of Hepliaklqana the Forgotten
  7723 | Temple   | Reached * piety under Hepliaklqana
  7723 | Temple   | Reached ** piety under Hepliaklqana
  7724 | Temple   | Remembered your ancestor Gaius as a battlemage
  7772 | D:7      | Found an ancient bone altar of Kikubaaqudgha.
  7822 | D:7      | Found a sacrificial altar of Ru.
  7952 | D:7      | Found a flagged portal.
  7965 | Bailey   | Entered a bailey
  8209 | Bailey   | Slain by a wolf

Illustrated notes

Levels and vault maps discovered:
D:1:      minmay_arrival_arboretum_small, layout_basic
D:2:      layout_loops_cross, basic_ecumenical_altar, minmay_hexomino_p4
D:3:      layout_basic, portal_sewer_entry_f
D:4:      layout_loops_ring, nicolae_ashenzari_panopticon,
          mainiacjoe_overflow_catwalk, serial_forest,
          infiniplex_forest_diagonal, infiniplex_forest_join,
          infiniplex_forest_end_2, infiniplex_forest_clump_curved,
          infiniplex_forest_clump_long, infiniplex_forest_lined_4_way,
          infiniplex_forest_clump_curved, infiniplex_forest_clump_cross,
          infiniplex_forest_clump_large
D:5:      kennysheep_big_flooded_room, layout_cave_pods, serial_shops,
          nicolae_shop_statue_plus, shop, shop, shop,
          nicolae_shop_bloodbath_and_beyond
D:6:      layout_rooms
D:7:      layout_rooms, nicolae_ru_sacrificial_ziggurat, general_overflow_altar,
          kiku_gazebo_pond_becter, minmay_temple_entry_waves, enter_bailey_2,
          serial_shops, shop
Temple:   nicolae_temple_great_sept
Bailey:   bailey_polearm_gnolls_kennysheep, bailey

Skill      XL: |  1  2  3  4  5  6  7  8  9 |
---------------+----------------------------+-----
Axes           | 4 5 6 7 8 9 |  9.9
Fighting       | 4 5 6 7 |  7.0
Armour         | 1 2 4 5 7 |  7.4
Dodging        | 4 5 |  5.6
Stealth        | 2 3 |  3.4
Shields        | 1 2 3 4 |  4.0
Throwing       | |  0.8

Action                   |  1- 3 |  4- 6 |  7- 9 || total
-------------------------+-------+-------+-------++-------
Melee: Hand axe          |    79 |   150 |       ||   229
       Headbutt          |    10 |    91 |    37 ||   138
       War axe           |       |   199 |   162 ||   361
Throw: Stone             |    10 |     4 |    13 ||    27
       Boomerang         |       |       |     5 ||     5
Invok: Ancestor Life: Ba |       |       |     1 ||     1
  Use: Scroll            |       |     5 |     2 ||     7
 Stab: Sleeping          |     1 |     3 |     3 ||     7
Armor: Leather armour    |    11 |       |       ||    11
       Ring mail         |    23 |    52 |    79 ||   154
Dodge: Dodged            |    63 |    89 |   134 ||   286
Block: Buckler           |     5 |    13 |    54 ||    72
